 Dungeon Sprint DCSS version 0.15-a0-2102-gacb6860 (webtiles) character file.

5938 BluebellGnoll the Severer (level 10, -23/77 HPs)
             Began as a Demonspawn Fighter on July 15, 2014.
             Was the Champion of Makhleb.
             Killed by the air
             ... invoked by a spriggan air mage
              (45 damage)
             ... in the Dungeon (Sprint V: "Ziggurat Sprint").
             The game lasted 00:14:49 (509 turns).

BluebellGnoll the Severer (Demonspawn Fighter)       Turns: 509, Time: 00:14:49

HP -23/77        AC 34     Str 25      XL: 10   Next: 54%
MP  23/23        EV  0     Int  8 (9)  God: Makhleb [******]
Gold 0           SH 32     Dex 23      Spells:  0 memorised,  9 levels left

rFire  + . .     SeeInvis +     G - +14 obsidian axe {chop, +Fly Str+3 SInv Curse}
rCold  + . .     Clarity  .     I - +15 Maxwell's patent armour {rC+ rF+, -Cast -Tele MR+}
rNeg   + . .     rCorr    .     J - +18 shield of the gong {rElec rN+ MR+ EV-5}
rPois  .         rRot     +     (helmet restricted)
rElec  +         Spirit   .     (no cloak)
SustAb .         Warding  .     (no gloves)
rMut   +         NoTele   +     K - +2 pair of boots {Fly}
Gourm  .         NoCast   +     c - amulet of resist mutation
MR     ++...                    p - +6 ring of dexterity
                                t - +6 ring of strength

@: flying, mesmerised, constricted, very resistant to hostile enchantments,
extremely unstealthy
A: antennae 2, molten scales 2, demonic guardian 1, wild magic 1, rot immunity
a: Minor Destruction, Lesser Servant of Makhleb, Major Destruction, Greater
Servant of Makhleb, Renounce Religion, Stop Flying


You were in the Dungeon.
You worshipped Makhleb.
Makhleb was exalted by your worship.
You were very full.

You visited 1 branch

Inventory:

Hand weapons
 a - a +5 broad axe of draining
 G - the cursed +14 obsidian axe (weapon) {chop, +Fly Str+3 SInv Curse}
   (You found it in the Dungeon)

   It inflicts extra damage upon your enemies.
   It affects your strength (+3).
   It enhances your eyesight.
   It lets you fly.
   It may recurse itself when equipped.
   It has a curse placed upon it.
 L - a +4 blowgun
Armour
 b - a +2 robe of cold resistance
 I - the cursed +15 Maxwell's patent armour (worn) {rC+ rF+, -Cast -Tele MR+}
   (You found it in the Dungeon)

   It affects your resistance to hostile enchantments.
   It prevents spellcasting.
   It prevents most forms of teleportation.
   It has a curse placed upon it.
 J - the +18 shield of the gong (worn) {rElec rN+ MR+ EV-5}
   (You found it in the Dungeon)

   It affects your evasion (-5).
   It insulates you from electricity.
   It protects you from negative energy.
   It affects your resistance to hostile enchantments.
 K - a +2 pair of boots of flying (worn)
Magical devices
 l - a wand of disintegration (7)
 m - a wand of fire (1)
 n - a wand of cold (5)
 o - a wand of draining (5)
Comestibles
 d - 5 bread rations
 q - 35 fruits
 s - 4 meat rations
Scrolls
 k - 4 scrolls of blinking
 u - 4 scrolls of amnesia
 x - 3 scrolls of recharging
 y - 7 scrolls of fog
 z - 5 scrolls of identify
 A - 5 scrolls of remove curse
 B - 2 scrolls of fear
 Q - 3 scrolls of enchant armour
Jewellery
 c - an amulet of resist mutation (around neck)
 p - a +6 ring of dexterity (right hand)
 r - a +6 ring of intelligence
 t - a +6 ring of strength (left hand)
 O - an uncursed ring of positive energy
Potions
 e - 8 potions of might
 f - 10 potions of curing
 g - 10 potions of heal wounds
 h - 6 potions of haste
 i - 7 potions of magic
 j - 3 potions of berserk rage
 C - 2 potions of brilliance
 D - 2 potions of invisibility
 E - 2 potions of restore abilities
 F - 4 potions of resistance
 H - 5 potions of agility
Books
 v - a tome of Destruction
Miscellaneous
 w - a disc of storms
 M - a disc of storms
 N - a phial of floods (inert)
 R - a crystal ball of energy
Rods
 P - a +3 rod of clouds (13/13)
   (You found it in the Dungeon)


   Skills:
 + Level 6.4 Fighting
 - Level 15.5 Axes
 - Level 7.3 Armour
 - Level 10.6 Shields
 - Level 10.3 Invocations
 - Level 9.3 Evocations


You had 9 spell levels left.
You didn't know any spells.

Dungeon Overview and Level Annotations

Branches:
Dungeon (1/1)

Altars:
Ashenzari
Cheibriados
Dithmenos
Elyvilon
Fedhas
Gozag
Kikubaaqudgha
Makhleb
Nemelex Xobeh
Okawaru
Qazlal
Sif Muna
Trog
Vehumet
Xom
Yredelemnul
Zin
The Shining One
Beogh
Jiyva
Lugonu

Annotations:
D exclusion: oklob plant


Innate Abilities, Weirdness & Mutations

You have a pair of antennae on your head.
You are mostly covered in molten scales (AC +3, EV -1).
A weak demonic guardian rushes to your aid.
You are immune to rotting.
Your spells are a little harder to cast, but a little more powerful.


Message History

Evoke which item? (* to show all) (? for menu, Esc to quit)
Zapping:
m - a wand of fire (2)
Press: ? - help, Shift-Dir - straight line, f - spriggan berserker, p - spriggan air mage
Aim: a spriggan berserker, wielding a glowing flail, wearing an animal skin and wearing the ring "Quod" {Str+2 Dex+3 Int-2 Stlth+} The bolt of fire hits the anaconda.
The anaconda is heavily wounded.
The bolt of fire hits the spriggan berserker.
The spriggan berserker is moderately wounded.
The bolt of fire hits the spriggan rider.
The spriggan rider is heavily wounded.
This wand has 1 charge left.
The anaconda grabs you. You block the anaconda's attack.
SHROANNG!
The anaconda constricts you.
The spriggan air mage hits your water elemental!
Your iron imp hits the anaconda.
The spriggan air mage waves its arms in wide circles.
The air twists around and violently strikes you in flight!
Ouch! That really hurt!
You die...

.|:P ▓..:34....▓
▓..?[≈:[≈.▓...))4)..▓
▓...ii≈i≈.▓.........▓
▓..cYR≈E≈.▓.........▓
▓.........▓....)....▓
▓.........▓..).)....▓
▓....i....▓.▓.....▓.▓
▓..5Si....▓.........▓
▓...@(....▓▓▓▓▓▓▓▓▓▓▓
▓▓▓▓▓▓▓▓▓▓▓


{{{{{{ {{{ {{{{ You could see an apis, a satyr, an anaconda, a spriggan rider, 2
spriggan berserkers, a dryad, 2 spriggan air magi, a friendly water elemental
and a friendly iron imp.

Vanquished Creatures
  A tentacled starspawn (D)
  An eye of devastation (D)
  A blue devil (D)
  A fire vortex (D)
  2 freezing wraiths (D)
  2 spriggans (D)
  2 neqoxecs (D)
  A fire elemental (D)
  2 golden eyes (D)
  A wolf (D)
  A hell hound (D)
  2 water moccasins (D)
  An ice beast (D)
  A yellow wasp (D)
  A naga (D)
  3 black bears (D)
  Sigmund (D)
  2 eyes of draining (D)
  2 wights (D)
  2 crimson imps (D)
  Crazy Yiuf (D)
  3 iron imps (D)
  Jessica (D)
  An adder (D)
  A shadow imp (D)
  3 white imps (D)
  3 ufetubi (D)
  A worm simulacrum (D)
  A giant eyeball (D)
  An ooze (D)
  3 ball pythons (D)
  A goblin zombie (D)
  A starspawn tentacle (D)
51 creatures vanquished.

Vanquished Creatures (collateral kills)
  An efreet (D)
  A fire drake (D)
  2 spriggans (D)
  A black bear (D)
  A yellow wasp (D)
  Blork the orc (D)
  A jelly (D)
8 creatures vanquished.

Vanquished Creatures (others)
  Louise (D)
  Erica (D)
  Maurice (D)
  A water elemental (D)
  A fire vortex (D)
  3 crimson imps (D)
  3 iron imps (D)
  3 quasits (D)
  Ijyb (D)
  2 white imps (D)
  3 ufetubi (D)
  4 starspawn tentacles (D)
  25 starspawn tentacle segments (D)
49 creatures vanquished.

Grand Total: 108 creatures vanquished

Notes
Turn   | Place    | Note
--------------------------------------------------------------
     0 | D        | BluebellGnoll, the Demonspawn Fighter, began the quest for the Orb.
     0 | D        | Reached XP level 1. HP: 18/18 MP: 1/1
     0 | D        | Found a roughly hewn altar of Beogh.
     0 | D        | Found a corrupted altar of Lugonu.
     1 | D        | Found a white marble altar of Elyvilon.
     2 | D        | Found a sparkling altar of Nemelex Xobeh.
     2 | D        | Found a burning altar of Makhleb.
     2 | D        | Found a deep blue altar of Sif Muna.
     3 | D        | Found a bloodstained altar of Trog.
     5 | D        | Killed Ijyb
     6 | D        | Found an iron altar of Okawaru.
     7 | D        | Killed Erica
    18 | D        | Found an ancient bone altar of Kikubaaqudgha.
    18 | D        | Found a radiant altar of Vehumet.
    19 | D        | Found a basalt altar of Yredelemnul.
    24 | D        | Killed Louise
    37 | D        | Killed Maurice
    38 | D        | Reached skill level 7 in Armour
    38 | D        | Gained mutation: You are partially covered in molten scales (AC +1). [demonic ancestry]
    38 | D        | Reached XP level 2. HP: 24/24 MP: 2/2
    81 | D        | Found a shimmering altar of Xom.
   107 | D        | Became a worshipper of Makhleb the Destroyer
   111 | D        | Entered arena 1.
   111 | D        | Noticed a wight
   111 | D        | Noticed a wight
   114 | D        | Killed a wight
   114 | D        | Reached skill level 5 in Fighting
   114 | D        | Gained mutation: You are mostly covered in molten scales (AC +3, EV -1). [demonic ancestry]
   114 | D        | Reached XP level 3. HP: 29/33 MP: 3/3
   115 | D        | Killed a wight
   115 | D        | Gained mutation: You are immune to rotting. [demonic ancestry]
   115 | D        | Reached XP level 4. HP: 33/41 MP: 4/4
   121 | D        | Entered arena 2.
   121 | D        | Noticed a water moccasin
   123 | D        | Killed a water moccasin
   123 | D        | Acquired Makhleb's first power
   123 | D        | Reached skill level 5 in Shields
   123 | D        | Gained mutation: A weak demonic guardian rushes to your aid. [demonic ancestry]
   123 | D        | Reached XP level 5. HP: 38/47 MP: 5/5
   127 | D        | Acquired Makhleb's second power
   138 | D        | Entered arena 3.
   138 | D        | Noticed Sigmund
   138 | D        | Noticed Jessica
   138 | D        | Noticed Blork the orc
   138 | D        | Noticed Crazy Yiuf
   140 | D        | Killed Crazy Yiuf
   141 | D        | Killed Jessica
   141 | D        | Acquired Makhleb's third power
   144 | D        | Killed Sigmund
   144 | D        | Reached XP level 6. HP: 53/53 MP: 6/6
   146 | D        | Killed Blork the orc
   153 | D        | Identified the Compendium of Conjuration (You found it in the Dungeon)
   158 | D        | Entered arena 4.
   158 | D        | Noticed a naga
   158 | D        | Noticed a water moccasin
   163 | D        | Killed a naga
   163 | D        | Acquired Makhleb's fourth power
   163 | D        | Reached skill level 8 in Axes
   163 | D        | Killed a water moccasin
   163 | D        | Gained mutation: You have a pair of small antennae on your head. [demonic ancestry]
   163 | D        | Reached XP level 7. HP: 59/59 MP: 6/12
   171 | D        | Got the ring of the Thirteen Realms {SustAb rF- Int+3}
   209 | D        | Entered arena 5.
   209 | D        | Noticed a crimson imp
   209 | D        | Noticed an iron imp
   212 | D        | Acquired Makhleb's fifth power
   216 | D        | Killed an iron imp
   216 | D        | Reached skill level 9 in Axes
   218 | D        | Killed a crimson imp
   218 | D        | Reached skill level 5 in Invocations
   232 | D        | Entered arena 6.
   232 | D        | Noticed a fire drake
   232 | D        | Noticed a fire vortex
   232 | D        | Noticed a hell hound
   232 | D        | Noticed a fire elemental
   232 | D        | Noticed an efreet
   233 | D        | Noticed a fire vortex
   234 | D        | Killed a hell hound
   235 | D        | Killed a fire elemental
   235 | D        | Reached skill level 5 in Evocations
   240 | D        | Killed a fire drake
   240 | D        | Reached skill level 10 in Axes
   240 | D        | Gained mutation: You have a pair of antennae on your head. [demonic ancestry]
   240 | D        | Reached XP level 8. HP: 57/65 MP: 15/18
   240 | D        | Killed an efreet
   244 | D        | Killed a fire vortex
   244 | D        | Reached skill level 11 in Axes
   247 | D        | Killed a fire vortex
   259 | D        | Identified the Disquisition on Doomed Curses (You found it in the Dungeon)
   275 | D        | Entered arena 7.
   275 | D        | Noticed a freezing wraith
   275 | D        | Noticed an ice beast
   275 | D        | Noticed a blue devil
   275 | D        | Noticed a freezing wraith
   283 | D        | Killed a freezing wraith
   285 | D        | Killed an ice beast
   285 | D        | Killed a freezing wraith
   285 | D        | Reached skill level 12 in Axes
   285 | D        | Reached XP level 9. HP: 71/71 MP: 19/21
   288 | D        | Killed a blue devil
   294 | D        | Identified the Guide on Combat Magic (You found it in the Dungeon)
   297 | D        | Entered arena 8.
   297 | D        | Noticed an eye of draining
   297 | D        | Noticed an eye of draining
   297 | D        | Noticed an eye of devastation
   297 | D        | Noticed a jelly
   297 | D        | Noticed a golden eye
   305 | D        | Paralysed by a giant eyeball for 3 turns
   309 | D        | Killed a golden eye
   310 | D        | Killed an eye of draining
   310 | D        | Killed an eye of draining
   311 | D        | Killed a jelly
   316 | D        | Killed an eye of devastation
   316 | D        | Reached skill level 13 in Axes
   316 | D        | Reached skill level 10 in Invocations
   427 | D        | Entered arena 9.
   427 | D        | Noticed a golden eye
   427 | D        | Noticed a tentacled starspawn
   427 | D        | Noticed an iron imp
   427 | D        | Noticed a neqoxec
   427 | D        | Noticed a neqoxec
   428 | D        | Killed a golden eye
   430 | D        | Gained mutation: Your spells are a little harder to cast, but a little more powerful. [a neqoxec]
   434 | D        | Killed a neqoxec
   437 | D        | Killed a tentacled starspawn
   437 | D        | Reached skill level 14 in Axes
   437 | D        | Reached XP level 10. HP: 77/77 MP: 23/23
   439 | D        | Killed an iron imp
   443 | D        | Killed a neqoxec
   457 | D        | Entered arena 10.
   457 | D        | Noticed a black bear
   457 | D        | Noticed a black bear
   457 | D        | Noticed a spriggan
   457 | D        | Noticed a black bear
   457 | D        | Noticed a black bear
   457 | D        | Noticed a spriggan rider
   457 | D        | Noticed a spriggan
   457 | D        | Noticed a spriggan rider
   457 | D        | Noticed a wolf
   463 | D        | Killed a yellow wasp
   463 | D        | Reached skill level 15 in Axes
   463 | D        | Reached skill level 10 in Shields
   464 | D        | Killed a wolf
   464 | D        | Killed a black bear
   464 | D        | Killed a spriggan
   467 | D        | Killed a spriggan
   468 | D        | Killed a yellow wasp
   470 | D        | Killed a black bear
   470 | D        | Killed a black bear
   470 | D        | Killed a spriggan
   474 | D        | Killed a spriggan
   475 | D        | Killed a black bear
   502 | D        | Identified the Reference Book on Boosts (You found it in the Dungeon)
   506 | D        | Entered arena 11.
   506 | D        | Noticed a spriggan rider
   506 | D        | Noticed an apis
   506 | D        | Noticed an oklob plant
   506 | D        | Noticed a satyr
   506 | D        | Noticed an anaconda
   506 | D        | Noticed a spriggan air mage
   506 | D        | Noticed a spriggan berserker
   506 | D        | Noticed a spriggan air mage
   507 | D        | Noticed a dryad
   507 | D        | Noticed a spriggan berserker
   509 | D        | Killed from afar by a spriggan air mage

Action                   |  1- 3 |  4- 6 |  7- 9 | 10-12 || total
-------------------------+-------+-------+-------+-------++-------
Melee: Broad axe         |     3 |    12 |    42 |    20 ||    77
Evoke: Wand              |       |       |     3 |     1 ||     4
       Phial of floods   |       |       |       |     2 ||     2
  Use: Potion            |     1 |       |       |       ||     1
       Scroll            |       |       |       |     2 ||     2
 Stab: Distracted        |       |       |     2 |       ||     2
  Eat: Fruit             |     7 |       |       |       ||     7
